 Dungeon Crawl Stone Soup version 0.30-a0-702-gdf48620a09 (webtiles) character file.

Game seed: 2760522475012897684

2 flotson the Sneak (level 1, -3/18 HPs)
             Began as a Demonspawn Delver on Jan 22, 2023.
             Slain by an orc priest
             ... wielding a +0 mace
              (5 damage)
             ... on level 4 of the Dungeon.
             The game lasted 00:00:38 (196 turns).

flotson the Sneak (Demonspawn Delver)                Turns: 196, Time: 00:00:39

Health: -3/18      AC:  3    Str: 12    XL:     1   Next: 25%
Magic:  1/1        EV: 11    Int: 11    God:
Gold:   0          SH:  0    Dex: 14    Spells: 0/0 levels left

rFire   . . .      SeeInvis .    a - +0 hand axe
rCold   . . .      Faith    .    (no shield)
rNeg    . . .      Spirit   .    b - +0 leather armour
rPois   .          Reflect  .    (no helmet)
rElec   .          Harm     .    (no cloak)
rCorr   .          Rampage  .    (no gloves)
Will    .....                    (no boots)
Stlth   ++                       (no amulet)
HPRegen 0.23/turn                (no ring)
MPRegen 0.07/turn                (no ring)

@: hasted, very quick
A: no striking features
a: no special abilities


You were on level 4 of the Dungeon.
You visited 1 branch of the dungeon, and saw 2 of its levels.

Inventory:

Hand Weapons
 a - a +0 hand axe (weapon)
Armour
 b - a +0 leather armour (worn)
Wands
 g - a wand of digging (3)
Scrolls
 c - a scroll of fog
 d - 2 scrolls of magic mapping
 h - a scroll of teleportation {unknown}
 i - a scroll of identify {unknown}


   Skills:
 + Level 3.0 Fighting
 + Level 1.8 Axes
 + Level 0.0 Armour
 + Level 1.8 Dodging
 + Level 4.5 Stealth
 + Level 0.0 Evocations


You couldn't memorise any spells.
You didn't know any spells.
Your spell library was empty.

Dungeon Overview and Level Annotations

Branches:
Dungeon (5/15)
 Temple: D:4-7

Altars:
Kikubaaqudgha


Message History

You see here a scroll of magic mapping.
d - 2 scrolls of magic mapping (gained 1)
A worm comes into view.
The scorpion closely misses you.
As you read the scroll of fear, it crumbles to dust.
You assume a fearsome visage.
The scorpion looks frightened!
The worm looks frightened!
There is a stone staircase leading up here.
You climb upwards.
Found 17 gold pieces.
Found a stone staircase leading up.
There is a stone staircase leading down here.
You feel yourself speed up.
The orc shouts!
The orc priest shouts!
You hear a shout!
An orc comes into view. It is wielding a +0 flail.
You completely miss the orc priest. The orc priest hits you with a +0 mace.
You hit the orc priest but do no damage.
You hit the orc. The orc priest hits you with a +0 mace.
The orc closely misses you.
You slash the orc!
You kill the orc!
You hit the orc priest but do no damage.
The orc priest hits you with a +0 mace.
You are too injured to fight recklessly!
You are too injured to fight recklessly!
You are too injured to fight recklessly!
You are too injured to fight recklessly!
You are too injured to fight recklessly!
You are too injured to fight recklessly!
You are too injured to fight recklessly!
You are too injured to fight recklessly!
You barely miss the orc priest. You hit the orc but do no damage.
The orc priest hits you with a +0 mace.
* * * LOW HITPOINT WARNING * * *
The orc hits you with a +0 flail.
* * * LOW HITPOINT WARNING * * *
You barely miss the orc priest. You hit the orc but do no damage.
You hit the orc priest.
The orc priest is lightly wounded.
You hit the orc but do no damage. The orc priest hits you with a +0 mace.
You die...

..## ..#. ..... ..... ...... .
#...........# .##..!..........##
................@#
...............n...~~................
.#....~~..$..........### .
..................## . ..~....


You could see an orc priest and an orc.

Vanquished Creatures
  An orc (D:4)
1 creature vanquished.

Notes
Turn   | Place    | Note
-------+----------+-------------------------------------------
     0 | D:5      | flotson the Demonspawn Delver began the quest for the Orb.
     0 | D:5      | Reached XP level 1. HP: 18/18 MP: 1/1
   134 | D:4      | Noticed a necrophage
   160 | D:5      | Found an ancient bone altar of Kikubaaqudgha.
   175 | D:5      | Noticed a scorpion
   189 | D:4      | Noticed an orc priest
   196 | D:4      | Slain by an orc priest

Illustrated notes

Levels and vault maps discovered:
D:4:      layout_cave_pools, mainiacjoe_overflow_tiny_flanked,
          ebering_ghost_rock_garden, skrybe_limestone_x
D:5:      kennysheep_windowed_halls, layout_basic, mainiacjoe_overflow_24_doors,
          gup_sewer_entry_spiral, grunt_ministairs_2, uniq_grinder

Action                   || total
-------------------------++-------
Melee: Hand axe          ||     6
  Use: Scroll            ||     1
       Potion            ||     1
Armor: Leather armour    ||     1
Dodge: Dodged            ||     4

Table legend: (Time is in decaauts)
 A = Elapsed time spent in this place.
 B = Non-inter-level travel time spent in this place.
 C = Inter-level travel time spent in this place.
 D = Time resting spent in this place.
 E = Time spent auto-exploring this place.
 F = Levels seen in this place.
 G = Mean time per level.
                   A        B        C        D        E       F      G
               +--------+--------+--------+--------+--------+-----+--------+
         Total |    195 |    195 |      0 |      0 |    155 |   2 |   97.5 |
       Dungeon |    195 |    195 |      0 |      0 |    155 |   2 |   97.5 |
               +--------+--------+--------+--------+--------+-----+--------+

Top non-repeatable levels by time:
     D:5: 184 daAuts
     D:4: 10 daAuts
